 Dungeon Crawl Stone Soup version 0.30-a0-778-g2ef04afb54 (webtiles) character file.

Game seed: 15778588764342023224

22 BRD the Ducker (level 2, -2/23 HPs)
             Began as a Demonspawn Gladiator on Feb 16, 2023.
             Succumbed to a goblin's poison
             ... on level 1 of the Dungeon.
             The game lasted 00:01:06 (424 turns).

BRD the Ducker (Demonspawn Gladiator)                Turns: 424, Time: 00:01:07

Health: -2/23      AC:  7    Str: 14    XL:     2   Next: 68%
Magic:  2/2        EV: 10    Int:  9    God:
Gold:   91         SH:  0    Dex: 14    Spells: 1/1 levels left

rFire   . . .      SeeInvis .    a - +0 flail
rCold   . . .      Faith    .    (no shield)
rNeg    . . .      Spirit   .    i - +0 scale mail
rPois   .          Reflect  .    c - +0 helmet
rElec   .          Harm     .    (no cloak)
rCorr   .          Rampage  .    (no gloves)
Will    .....                    (no boots) Stlth
                                 (no amulet)
HPRegen 0.23/turn                (no ring)
MPRegen 0.08/turn                (no ring)

@: mighty, lethally poisoned (-2 -> -20)
A: powered by pain 1
a: no special abilities


You were on level 1 of the Dungeon.
You visited 1 branch of the dungeon, and saw 1 of its levels.

You collected 91 gold pieces.

Inventory:

Hand Weapons
 a - a +0 flail (weapon)
Missiles
 d - 3 throwing nets
 e - a javelin
 g - 5 poisoned darts (quivered)
Armour
 c - a +0 helmet (worn)
 i - a +0 scale mail (worn)
Scrolls
 b - 2 scrolls of identify {unknown}
 f - a scroll of teleportation {unknown}
Potions
 h - a potion of might
 j - a potion of curing {unknown}


   Skills:
 + Level 2.3 Fighting
 + Level 2.9 Maces & Flails
 - Level 2.0 Throwing
 + Level 0.5 Armour
 + Level 2.9 Dodging


You had one spell level left.
You didn't know any spells.
Your spell library was empty.

Dungeon Overview and Level Annotations

Branches:
Dungeon (1/15)

Altars:


Innate Abilities, Weirdness & Mutations

You sometimes gain a little power by taking damage.


Message History

The kobold barely misses you.
You see here 12 gold pieces.
You sock the kobold!
You kill the kobold!
The hobgoblin hits you but does no damage.
You closely miss the hobgoblin. The hobgoblin closely misses you.
The hobgoblin barely misses you.
You closely miss the hobgoblin. The hobgoblin hits you.
The hobgoblin misses you.
A goblin comes into view. It is wielding a +0 club.
You sock the hobgoblin!
You kill the hobgoblin!
The hobgoblin hits you but does no damage.
The goblin barely misses you. The goblin hits you but does no damage.
The hobgoblin hits you.
You sock the hobgoblin!
You kill the hobgoblin!
The goblin hits you with a +0 club.
You completely miss the goblin. The goblin barely misses you.
The goblin hits you but does no damage.
You are poisoned.
You closely miss the goblin.
You feel very sick. The goblin barely misses you. x2
You barely miss the goblin.
You feel sick. The goblin closely misses you. The goblin barely misses you.
The goblin hits you with a +0 dagger of venom.
You are lethally poisoned!
The goblin hits you with a +0 club.
You are too injured to fight recklessly!
It was a potion of might.
You feel very mighty all of a sudden.
* * * LOW HITPOINT WARNING * * *
You feel very sick.
The goblin hits you but does no damage. x2
You are more poisoned.
Okay, then.
You hit the goblin.
You kill the goblin!
You die...

#.## .# #..# .# #..
..# #.. # ..# #.# #.
... #.. #$# #.# #.|
##.)#)## #.#
#.#..#@#(# #..
####.#.###g# #..
..#.#..#.## # #.#
..........#..### #..
.......††....... #..
##.####..#..##.#####
#.# ........###....#
#.. ##..#..#..# #..
#....##..# #.#


You could see a goblin.

Vanquished Creatures
  A dart slug (D:1)
  A ball python (D:1)
  2 bats (D:1)
  2 endoplasms (D:1)
  2 goblins (D:1)
  5 hobgoblins (D:1)
  3 kobolds (D:1)
  2 rats (D:1)
18 creatures vanquished.

Notes
Turn   | Place    | Note
-------+----------+-------------------------------------------
     0 | D:1      | BRD the Demonspawn Gladiator began the quest for the Orb.
     0 | D:1      | Reached XP level 1. HP: 16/16 MP: 1/1
   325 | D:1      | Found a faded altar of an unknown god.
   346 | D:1      | Gained mutation: You sometimes gain a little power by
                  | taking damage. [demonic ancestry]
   346 | D:1      | Reached XP level 2. HP: 22/22 MP: 2/2
   424 | D:1      | Succumbed to a goblin's poison

Illustrated notes

Levels and vault maps discovered:
D:1:      kilobyte_arrival_exit_the_forest, layout_loops_ring,
          hellmonk_ecumenical_altar_lost_god, hex_tiny,
          hangedman_feature_mirror, minmay_statues_item, columned_hall_lemuel,
          minmay_pentomino_x4

Skill      XL: |  1  2 |
---------------+-------+-----
Throwing       | 2 |  2.0
Fighting       | |  2.3
Maces & Flails | |  2.9
Armour         | |  0.5
Dodging        | |  2.9

Action                     || total
---------------------------++-------
  Melee: Flail             ||    38
    Use: Potion            ||     1
 Armour: Leather armour    ||     3
         Scale mail        ||    16
  Dodge: Dodged            ||    35

Table legend: (Time is in decaauts)
 A = Elapsed time spent in this place.
 B = Non-inter-level travel time spent in this place.
 C = Inter-level travel time spent in this place.
 D = Time resting spent in this place.
 E = Time spent auto-exploring this place.
 F = Levels seen in this place.
 G = Mean time per level.
                   A        B        C        D        E       F      G
               +--------+--------+--------+--------+--------+-----+--------+
         Total |    435 |    435 |      0 |      0 |    315 |   1 |  435.0 |
       Dungeon |    435 |    435 |      0 |      0 |    315 |   1 |  435.0 |
               +--------+--------+--------+--------+--------+-----+--------+

Top non-repeatable levels by time:
     D:1: 435 daAuts
